 Dungeon Crawl Stone Soup version 0.31.0-11-ge490571c62 (webtiles) character file.

Game seed: 13015526999704605313

6227 qw the Markself (level 10, -1/56 HPs)
             Began as a Deep Elf Hunter on Feb 3, 2024.
             Was a High Priest of Okawaru.
             Slain by a cane toad (13 damage)
             ... on level 8 of the Dungeon.
             The game lasted 00:00:47 (6733 turns).

qw the Markself (Deep Elf Hunter)                   Turns: 6733, Time: 00:00:47

Health: -1/56      AC:  5    Str: 15    XL:     10   Next: 61%
Magic:  18/18      EV: 18    Int: 15    God:    Okawaru [*****.]
Gold:   320        SH:  0    Dex: 21    Spells: 9/9 levels left

rFire   + . .        d - +9 orcbow of Antique Forgiveness {elec, rPois rC- rN+ Will+ Str+3}
rCold   . . .        (shield currently unavailable)
rNeg    + . .        c - +0 robe "Jongus Raaz" {rC+ Dex+3 SInv Stlth-}
rPois   +            u - +0 helmet
rElec   .            (no cloak)
rCorr   .            b - +1 pair of gloves
SInv    +            (no boots)
Will    ++...        w - amulet of faith
Stlth   +            n - ring of protection from fire
HPRegen 0.29/turn    (no ring)
MPRegen 0.16/turn

%: faith
@: about to teleport
A: no striking features
a: Renounce Religion, Heroism, Finesse, Duel


You were on level 8 of the Dungeon.
You worshipped Okawaru.
Okawaru was extremely pleased with you.
You visited 2 branches of the dungeon, and saw 9 of its levels.

You collected 424 gold pieces.
You spent 104 gold pieces at shops.


   Skills:
 - Level 4.0 Fighting
 - Level 16.0 Ranged Weapons
 - Level 1.0 Armour
 + Level 8.0 Dodging
 - Level 1.2 Stealth
 + Level 8.1 Invocations


You had 9 spell levels left.
You didn't know any spells.
Your spell library was empty.

Inventory:

Hand Weapons
 d - the +9 orcbow of Antique Forgiveness (weapon) {elec, rPois rC- rN+ Will+ Str+3}
   (You acquired it on level 1 of the Dungeon)

   Str+3:     It affects your strength (+3).
   rC-:       It makes you vulnerable to cold.
   rPois:     It protects you from poison rN+: It protects you from negative
   energy.
   Will+:     It increases your willpower.
Armour
 b - a +1 pair of gloves (worn)
 c - the +0 robe "Jongus Raaz" (worn) {rC+ Dex+3 SInv Stlth-}
   (You found it on level 3 of the Dungeon)

   Dex+3:     It affects your dexterity (+3).
   rC+:       It protects you from cold.
   SInv:      It lets you see invisible.
   Stlth-:    It makes you less stealthy.
 m - a +0 ring mail
 u - a +0 helmet (worn)
Jewellery
 a - a ring of ice
 i - an amulet of reflection
 n - a ring of protection from fire (left hand)
 o - a ring of see invisible
 w - an amulet of faith (around neck)
Wands
 p - a wand of light (9)
 s - a wand of mindburst (13)
 v - a wand of iceblast (4)
Scrolls
 f - 3 scrolls of teleportation
 g - a scroll of enchant weapon
 l - 3 scrolls of brand weapon
Potions
 e - a potion of might
 h - 3 potions of magic
 j - 2 potions of enlightenment
 k - a potion of resistance
 q - 3 potions of curing
 r - a potion of haste {unknown}
 t - a potion of mutation {unknown}

Dungeon Overview and Level Annotations

Branches:
Dungeon (8/15)             Temple (0/1) D:5            Lair (1/5) D:8

Altars:
Ashenzari
Elyvilon
Hepliaklqana
Kikubaaqudgha
Okawaru
Sif Muna
Uskayaw
Xom
Yredelemnul
Zin

Shops:
D:7 *

Annotations:
D:4 2 transporters, qw's ghost, amateur SpHu
D:5 1 runed translucent door, Crazy Yiuf
D:7 1 runed translucent door, qw's ghost, novice DEHu
Lair:1 Gastronok


Message History

A water moccasin is nearby!
Waypoint 8 assigned to Lair:1.
You shoot an arrow. The arrow hits the water moccasin!
Lightning courses through the water moccasin!
The water moccasin is severely wounded.
You hear a horrible gurgling sound!
The water moccasin misses you.
You hear a croak.
You shoot an arrow. The arrow misses the water moccasin.
You shoot an arrow.
The arrow barely misses the water moccasin.
The water moccasin completely misses you.
Gastronok the Ponderous comes into view.
6726 ||| STAIRDANCE The water moccasin bites you but does no damage.
The water moccasin closely misses you.
You climb upwards.
Welcome back to the Dungeon!
There is a staircase to the Lair here.
You shoot an arrow. The arrow hits the water moccasin!
Lightning courses through the water moccasin!
You kill the water moccasin!
Okawaru accepts your kill.
Your Dodging skill increases to level 8!
Done exploring.
What level of the Lair of Beasts? (default 1, ? - help)
You climb downwards.
Welcome back to the Lair of Beasts!
Level annotation: Gastronok The cane toad croaks.
The water moccasin hisses angrily.
Gastronok waves his eye-stalks in wide circles.
The air twists around and strikes you!!
There is a staircase back to the Dungeon here.
6731 ||| STAIRDANCE The cane toad stings you!!
You climb upwards.
Welcome back to the Dungeon!
There is a staircase to the Lair here.
6733 ||| READING 4 scrolls of teleportation.
As you read the scroll of teleportation, it crumbles to dust.
You feel strangely unstable. The cane toad stings you!
You die...

##......#
#.####.### #.#
#)..###
#.####.....###
#.##......P..##
#.#....%.PP.PP#
#.........PPPP#
#....PPP.F..PP#
##...PPPP.@.PP#


##PPPPPPP..PP# ##PPPPPPPPP## ########### You could see a cane toad.

Vanquished Creatures
  A two-headed ogre (D:8)
  Joseph (D:8)
  A gargoyle (D:8)
  Maggie (D:6)
  A komodo dragon (D:8)
  A hornet (D:8)
  Grinder (D:6)
  Sigmund (D:5)
  A steam dragon (D:8)
  4 water moccasins
  An ice beast (D:7)
  An orc warrior (D:7)
  2 sky beasts
  4 black bears
  2 ogres
  A centaur (D:7)
  A kobold brigand (D:6)
  3 phantoms
  Blork the orc (D:5)
  5 bullfrogs
  5 wights (D:8)
  8 killer bees (D:7)
  2 bombardier beetles
  A lava snake (D:7)
  A jelly (D:7)
  5 orc priests
  A hound (D:6)
  A gnoll bouda (D:7)
  6 iguanas
  9 orc wizards
  2 sleepcaps
  12 adders
  11 gnolls (D:7)
  A white imp (D:6)
  4 ufetubi (D:6)
  7 dart slugs
  3 ribbon worms
  21 orcs
  7 ball pythons
  5 endoplasms
  A giant cockroach (D:2)
  8 goblins
  11 hobgoblins
  3 jackals (D:2)
  10 kobolds
  A quokka (D:3)
  8 bats
  3 frilled lizards
  3 rats
  A butterfly (D:6)
195 creatures vanquished.

Notes
Turn   | Place    | Note
-------+----------+-------------------------------------------
     0 | D:1      | qw the Deep Elf Hunter began the quest for the Orb.
     0 | D:1      | Reached XP level 1. HP: 12/12 MP: 3/3
     0 | D:1      | 0 ||| qw: Version: 0.3-a-155-g5e7d8dd
     0 | D:1      | 0 ||| qw: Game counter: 3341
     0 | D:1      | 0 ||| qw: Melee chars always use a shield: true
     0 | D:1      | 0 ||| qw: God list: Okawaru
     0 | D:1      | 0 ||| qw: Allow faded altars: false
     0 | D:1      | 0 ||| qw: Do Orc after clearing Dungeon:15 true
     0 | D:1      | 0 ||| qw: Do second Lair branch before Depths: true
     0 | D:1      | 0 ||| qw: Lair rune preference: random
     0 | D:1      | 0 ||| qw: Goals: Normal
     0 | D:1      | 0 ||| PLANNING D:1-11
   175 | D:1      | Reached skill level 6 in Ranged Weapons
   175 | D:1      | Reached XP level 2. HP: 16/16 MP: 4/4
   610 | D:1      | Reached XP level 3. HP: 20/20 MP: 5/5
   698 | D:1      | 698 ||| READING scroll labelled NYHARH TOTI.
   699 | D:1      | 699 ||| READING scroll labelled PORIME HEADOW.
   800 | D:1      | 800 ||| READING scroll labelled ODGHIS IMOETEOL.
   800 | D:1      | Identified a scroll of acquirement
   800 | D:1      | 800 ||| ACQUIRING +9 orcbow of Antique Forgiveness {elec,
                  | rPois rC- rN+ Will+ Str+3}
   800 | D:1      | Acquired the +9 orcbow of Antique Forgiveness {elec, rPois
                  | rC- rN+ Will+ Str+3}
   802 | D:1      | 802 ||| SWAPPING to +9 orcbow of Antique Forgiveness {elec,
                  | rPois rC- rN+ Will+ Str+3}.
   803 | D:1      | 803 ||| DROPPING +0 shortbow.
   804 | D:1      | 804 ||| DRINKING 2 purple potions.
   805 | D:1      | 805 ||| DROPPING scroll of butterflies.
   806 | D:1      | 806 ||| DROPPING potion of degeneration.
   952 | D:2      | Reached skill level 7 in Ranged Weapons
  1269 | D:2      | Reached XP level 4. HP: 25/25 MP: 6/6
  1555 | D:2      | 1555 ||| UPGRADING to +0 pair of gloves.
  1560 | D:2      | 1560 ||| UPGRADING to +0 ring mail.
  1570 | D:2      | 1570 ||| DROPPING +0 leather armour.
  1571 | D:2      | 1571 ||| UPGRADING to amulet of reflection.
  1576 | D:2      | 1576 ||| READING scroll labelled FOULEF WOUFA.
  1577 | D:2      | 1577 ||| READING 2 scrolls labelled OSTOIBR NAGA.
  1581 | D:2      | 1581 ||| READING 2 scrolls labelled RIHEYK HUESUI.
  1582 | D:2      | 1582 ||| READING 3 scrolls labelled AQID ILOUTAMM.
  1583 | D:2      | 1583 ||| DRINKING 2 coppery potions.
  1606 | D:3      | Identified the +0 robe "Jongus Raaz" {rC+ Dex+3 SInv
                  | Stlth-}
  1648 | D:3      | Found an iron altar of Okawaru.
  1649 | D:3      | 1649 ||| PLANNING OKAWARU WORSHIP
  1650 | D:3      | Reached skill level 8 in Ranged Weapons
  1650 | D:3      | 1650 ||| UPGRADING to +0 robe "Jongus Raaz" {rC+ Dex+3 SInv
                  | Stlth-}.
  1660 | D:3      | 1660 ||| READING scroll labelled MIBEYCK URCHEUL.
  1661 | D:3      | 1661 ||| READING 2 scrolls labelled GETYZO VUDU.
  1762 | D:3      | 1762 ||| DROPPING scroll of silence.
  1768 | D:3      | Became a worshipper of Warmaster Okawaru
  1769 | D:3      | 1769 ||| PLANNING D:1-11
  1906 | D:3      | Reached skill level 3 in Dodging
  1995 | D:3      | Reached XP level 5. HP: 29/29 MP: 7/7
  2127 | D:3      | Found a broken altar of Ashenzari.
  2315 | D:3      | Reached skill level 9 in Ranged Weapons
  2346 | D:3      | 2346 ||| READING 2 scrolls labelled QAUNTYFAOSAO.
  2347 | D:3      | 2347 ||| READING scroll labelled WUDELE RABLAN.
  2347 | D:3      | 2347 ||| IDENTIFYING orange potion
  2348 | D:3      | 2348 ||| DRINKING 2 bubbling green potions.
  2349 | D:3      | 2349 ||| DRINKING potion of curing.
  2349 | D:3      | 2349 ||| (to cure confusion)
  2350 | D:3      | 2350 ||| DROPPING scroll of amnesia.
  2351 | D:3      | 2351 ||| DROPPING potion of lignification.
  2352 | D:3      | 2352 ||| DROPPING potion of ambrosia.
  2388 | D:4      | Found a shimmering blue altar of Sif Muna.
  2422 | D:4      | Noticed an ogre
  2424 | D:4      | Killed an ogre
  2424 | D:4      | Reached * piety under Okawaru
  2425 | D:4      | Reached XP level 6. HP: 36/36 MP: 8/8
  2596 | D:4      | Reached skill level 1 in Invocations
  2691 | D:4      | Found a transporter.
  2691 | D:4      | Noticed qw's ghost (amateur SpHu)
  2695 | D:4      | Found a transporter.
  2717 | D:4      | Found an ancient bone altar of Kikubaaqudgha.
  3012 | D:4      | 3012 ||| UPGRADING to ring of protection from fire.
  3013 | D:4      | 3013 ||| READING scroll of identify.
  3013 | D:4      | 3013 ||| IDENTIFYING bubbling brown potion
  3014 | D:4      | 3014 ||| READING scroll labelled VYSHUE ELUI.
  3072 | D:4      | 3072 ||| READING 2 scrolls labelled TIETYEMIMI.
  3073 | D:4      | 3073 ||| READING scroll labelled AKKIJEKKER.
  3074 | D:4      | 3074 ||| DROPPING scroll of poison.
  3087 | D:5      | Entered Level 5 of the Dungeon
  3144 | D:5      | Noticed Sigmund
  3145 | D:5      | 3145 ||| RETREEEEATING.
  3147 | D:5      | 3147 ||| RETREEEEATING.
  3149 | D:5      | 3149 ||| RETREEEEATING.
  3152 | D:5      | 3152 ||| ZAPPING wand of light (7) at -2,-1 (Sigmund;
                  | floor).
  3153 | D:5      | 3153 ||| ZAPPING wand of light (6) at -2,-1 (Sigmund;
                  | floor).
  3154 | D:5      | 3154 ||| ZAPPING wand of light (5) at -2,-1 (Sigmund;
                  | floor).
  3154 | D:5      | Killed Sigmund
  3155 | D:5      | Reached skill level 3 in Invocations
  3155 | D:5      | Reached XP level 7. HP: 31/40 MP: 9/11
  3439 | D:5      | Reached ** piety under Okawaru
  3443 | D:5      | Reached skill level 10 in Ranged Weapons
  3487 | D:5      | Noticed Blork the orc
  3489 | D:5      | Killed Blork the orc
  3503 | D:5      | Found a hazy altar of Hepliaklqana.
  3536 | D:5      | Found a runed translucent door.
  3537 | D:5      | Noticed Crazy Yiuf
  3721 | D:5      | Found a staircase to the Ecumenical Temple.
  4222 | D:5      | 4222 ||| READING scroll of identify.
  4222 | D:5      | 4222 ||| IDENTIFYING inky potion
  4223 | D:5      | 4223 ||| READING scroll labelled MERAALLESU.
  4224 | D:5      | 4224 ||| DRINKING 2 murky silvery potions.
  4225 | D:5      | 4225 ||| DROPPING potion of berserk rage.
  4285 | D:6      | Found a shimmering altar of Xom.
  4292 | D:6      | Reached skill level 11 in Ranged Weapons
  4292 | D:6      | Reached XP level 8. HP: 45/45 MP: 13/13
  4425 | D:6      | Found a white marble altar of Elyvilon.
  4504 | D:6      | Noticed Grinder
  4505 | D:6      | 4505 ||| INVOKING Heroism.
  4508 | D:6      | Killed Grinder
  4509 | D:6      | Reached skill level 12 in Ranged Weapons
  4632 | D:6      | Reached skill level 3 in Fighting
  4721 | D:6      | Reached skill level 13 in Ranged Weapons
  4725 | D:6      | Noticed Maggie
  4726 | D:6      | 4726 ||| INVOKING Heroism.
  4732 | D:6      | Killed Maggie
  4732 | D:6      | Reached *** piety under Okawaru
  4733 | D:6      | Reached skill level 6 in Dodging
  4733 | D:6      | Reached XP level 9. HP: 50/50 MP: 11/14
  4800 | D:6      | Found a hide-covered altar of Uskayaw.
  4972 | D:6      | 4972 ||| DRINKING 2 amethyst potions.
  4973 | D:6      | 4973 ||| DRINKING 2 bubbling amethyst potions.
  4974 | D:6      | 4974 ||| DROPPING potion of attraction.
  4996 | D:7      | Found Tuot's General Store.
  5102 | D:7      | 5102 ||| BUYING potion of curing (39 gold).
  5102 | D:7      | Bought a potion of curing for 39 gold pieces
  5102 | D:7      | 5102 ||| BUYING potion of enlightenment (65 gold).
  5102 | D:7      | Bought a potion of enlightenment for 65 gold pieces
  5102 | D:7      | 5102 ||| SHOPLISTING ring "Bykhlayse" {Int+2 Dex+6} (613
                  | gold, have 204).
  5116 | D:7      | Reached skill level 14 in Ranged Weapons
  5157 | D:7      | 5157 ||| RETREEEEATING.
  5324 | D:7      | Reached **** piety under Okawaru
  5325 | D:7      | Reached skill level 15 in Ranged Weapons
  5413 | D:7      | Found a runed translucent door.
  5415 | D:7      | Noticed qw's ghost (novice DEHu)
  5499 | D:7      | Found a basalt altar of Yredelemnul.
  5509 | D:7      | Found a glowing silver altar of Zin.
  5701 | D:7      | 5701 ||| UPGRADING to +0 helmet.
  5706 | D:7      | 5706 ||| READING scroll of identify.
  5706 | D:7      | 5706 ||| IDENTIFYING smoky red potion
  5714 | D:8      | Noticed Joseph
  5715 | D:8      | 5715 ||| RETREEEEATING.
  5716 | D:8      | 5716 ||| RETREEEEATING.
  5717 | D:8      | 5717 ||| RETREEEEATING.
  5718 | D:8      | 5718 ||| RETREEEEATING.
  5719 | D:8      | 5719 ||| ZAPPING wand of light (10) at -3,-1 (Joseph;
                  | floor).
  5720 | D:8      | 5720 ||| INVOKING Finesse.
  5721 | D:8      | 5721 ||| INVOKING Finesse.
  5731 | D:8      | Reached XP level 10. HP: 36/56 MP: 10/16
  5734 | D:8      | Reached skill level 1 in Armour
  5740 | D:8      | Killed Joseph
  5741 | D:8      | Reached skill level 6 in Invocations
  6047 | D:8      | Reached ***** piety under Okawaru
  6444 | D:8      | Noticed a gargoyle
  6445 | D:8      | 6445 ||| INVOKING Finesse.
  6453 | D:8      | Killed a gargoyle
  6527 | D:8      | Found a staircase to the Lair.
  6562 | D:8      | Noticed a two-headed ogre
  6563 | D:8      | 6563 ||| RETREEEEATING.
  6566 | D:8      | Reached skill level 16 in Ranged Weapons
  6583 | D:8      | 6583 ||| INVOKING Finesse.
  6588 | D:8      | Killed a two-headed ogre
  6707 | D:8      | 6707 ||| PLANNING LAIR
  6707 | D:8      | 6707 ||| UPGRADING to amulet of faith.
  6717 | D:8      | 6717 ||| READING scroll labelled FAIBU KEISSAI.
  6717 | D:8      | 6717 ||| ENCHANTING +0 pair of gloves.
  6722 | Lair:1   | Entered Level 1 of the Lair of Beasts
  6725 | Lair:1   | Noticed Gastronok
  6726 | Lair:1   | 6726 ||| STAIRDANCE
  6730 | Lair:1   | Noticed a cane toad
  6731 | Lair:1   | 6731 ||| STAIRDANCE
  6731 | Lair:1   | HP: 11/56 [cane toad (20)]
  6733 | D:8      | 6733 ||| READING 4 scrolls of teleportation.
  6733 | D:8      | Slain by a cane toad

Levels and vault maps discovered:
D:1:      amcnicky_arrival_gap_in_the_tavern_cellar, layout_loops_cross,
          serial_forest, infiniplex_forest_lined_1,
          infiniplex_forest_lined_4_way, infiniplex_forest_clump_C,
          infiniplex_forest_lined_room_2, infiniplex_forest_clump_small,
          infiniplex_forest_lined_corner, infiniplex_forest_end_3,
          infiniplex_forest_lined_2
D:2:      layout_basic
D:3:      layout_basic, mainiacjoe_overflow_24_doors, okawaru_ov_weapons_minmay
D:4:      kennysheep_six_static_rooms, layout_gridville,
          mainiacjoe_overflow_cross_hatched, kennysheep_little_box,
          gammafunk_ghost_arena, kennysheep_small_square
D:5:      layout_loops_ring, mainiacjoe_overflow_brackets,
          lemuel_temple_firewalk_b, uniq_blork_the_orc, uniq_sigmund,
          uniq_crazy_yiuf_cottage
D:6:      layout_loops_ring, nicolae_uskayaw_dance_studio, xom_teletrap_fun,
          nicolae_elyvilon_peaceful_grove, uniq_maggie, uniq_grinder
D:7:      hellmonk_destroyed_diamonds, layout_cave_pools,
          mainiacjoe_overflow_big_doors, gammafunk_ghost_grave, serial_shops,
          nicolae_shop_window_shopping, minivault_25, kennysheep_dice
D:8:      layout_loops_ring, david_lair_shrubbed, uniq_joseph
Lair:1:   layout_misc_corridors, gammafunk_ghost_split, worms_lemuel,
          uniq_erica, uniq_gastronok

Skill      XL: |  1  2  3  4  5  6  7  8  9 10 |
---------------+-------------------------------+-----
Ranged Weapons | 6 7 8 9 11 13 15 16 | 16.0
Dodging        | 3 4 6 7 8 |  8.0
Fighting       | 2 3 4 |  4.0
Invocations    | 3 4 5 8 |  8.1
Armour         | 1 |  1.0
Stealth        | |  1.2

Action                     |  1- 3 |  4- 6 |  7- 9 | 10-12 || total
---------------------------+-------+-------+-------+-------++-------
   Fire: Shortbow          |    48 |       |       |       ||    48
         Orcbow            |    25 |    93 |   176 |    78 ||   372
 Invoke: Heroism           |       |       |     2 |       ||     2
         Finesse           |       |       |     1 |     2 ||     3
  Evoke: Wand              |       |     3 |     1 |       ||     4
    Use: Scroll            |     3 |    12 |     3 |     2 ||    20
         Potion            |     1 |     3 |     3 |       ||     7
 Armour: Leather armour    |    12 |       |       |       ||    12
         Robe              |       |     7 |     7 |    12 ||    26
  Dodge: Dodged            |    15 |     5 |    26 |    10 ||    56
  Block: Other             |       |     2 |     8 |     5 ||    15
         Reflection        |       |       |     1 |       ||     1

Table legend:
 A = Non-vault XP
 B = Vault XP
 C = Vault XP percentage of total XP
 D = Non-vault monster count
 E = Vault monster count
 F = Vault count percentage of total count
                 A         B        C        D         E       F
            +---------+---------+-------+---------+---------+-------
      Total |    6552 |    2344 |  26.3 |     172 |      22 |  11.3
            +---------+---------+-------+---------+---------+-------
        D:1 |      41 |       0 |   0.0 |      21 |       0 |   0.0
        D:2 |      92 |       0 |   0.0 |      16 |       0 |   0.0
        D:3 |     191 |       0 |   0.0 |      26 |       0 |   0.0
        D:4 |     287 |      27 |   8.6 |      18 |       8 |  30.8
        D:5 |     453 |     327 |  41.9 |       8 |       2 |  20.0
        D:6 |     843 |     791 |  48.4 |      26 |       7 |  21.2
        D:7 |    1877 |     377 |  16.7 |      32 |       3 |   8.6
        D:8 |    2768 |     822 |  22.9 |      25 |       2 |   7.4
            +---------+---------+-------+---------+---------+-------
